[Event "ICC tourney 2045 (75 10)"]
[Site "Internet Chess Club"]
[Date "2020.10.11"]
[Round "7"]
[White "Davide25"]
[Black "MYMChessWyatt"]
[Result "1-0"]
[ICCResult "Black checkmated"]
[WhiteElo "1169"]
[BlackElo "1196"]
[Opening "King's Indian: fianchetto with ...Nd7"]
[ECO "E67"]
[NIC "QP.06"]
[Time "18:35:33"]
[TimeControl "4500+10"]

1. d4 Nf6 2. Nf3 g6 3. c4 Bg7 4. Nc3 O-O 5. g3 d6 6. Bg2 Nbd7 7. O-O Re8 8.
e4 e5 9. d5 Nb6 10. Qe2 Nfd7 11. Nd2 a5 12. b3 Nc5 13. Bb2 f5 14. f3 Bh6 15.
Rfe1 Rf8 16. Bc1 Na6 17. a3 f4 18. Rb1 Qg5 19. Nf1 Qf6 20. b4 axb4 21. axb4
g5 22. Bd2 Bg7 23. Rec1 h5 24. Nd1 g4 25. gxf4 exf4 26. Bc3 Qg6 27. Bxg7
Qxg7 28. c5 dxc5 29. bxc5 Nd7 30. c6 bxc6 31. dxc6 Ne5 32. Kh1 h4 33. Nd2
Rd8 34. fxg4 Bxg4 35. Nf3 h3 36. Qa2+ Kh8 37. Nxe5 hxg2+ 38. Qxg2 Qxe5 39.
Qxg4 Qxe4+ 40. Qg2 Qxg2+ 41. Kxg2 Rd2+ 42. Nf2 Rg8+ 43. Kf3 Rg7 44. Rd1 Rc2
45. Rd8+ Kh7 46. Rd7 Rxc6 47. Rxg7+ Kxg7 48. Kxf4 Rf6+ 49. Ke3 Nc5 50. Rg1+
Kf7 51. Rc1 Rxf2 52. Rxc5 Rxh2 53. Rxc7+ Ke6 54. Rc4 Rh3+ 55. Kd2 Kd5 56.
Rg4 Rh2+ 57. Kd3 Rh3+ 58. Ke2 Ke5 59. Kf2 Kf5 60. Ra4 Rh2+ 61. Kf3 Rh3+ 62.
Kg2 Rb3 63. Kf2 Rb2+ 64. Ke3 Rh2 65. Ra5+ Ke6 66. Kd4 Rh4+ 67. Ke3 Rh3+ 68.
Kf4 Rh4+ 69. Kg3 Rb4 70. Rh5 Rb3+ 71. Kf4 Rb1 72. Rh6+ Kd5 73. Rh5+ Kd4 74.
Rh8 Rf1+ 75. Kg4 Ke4 76. Re8+ Kd4 77. Rd8+ Ke5 78. Re8+ Kf6 79. Rf8+ Kg6 80.
Rxf1 Kg7 81. Rf5 Kh8 82. Rf7 Kg8 83. Ra7 Kf8 84. Kf5 Ke8 85. Ke6 Kd8 86. Re7
Kc8 87. Rd7 Kb8 88. Kd6 Ka8 89. Rc7 Kb8 90. Kc6 Ka8 91. Kb6 Kb8 92. Kc6 Ka8
93. Rg7 Kb8 94. Rh7 Ka8 95. Kb6 Kb8 96. Rh8# {Black checkmated} 1-0

[Event "ICC tourney 2045 (75 10)"]
[Site "Internet Chess Club"]
[Date "2020.10.11"]
[Round "7"]
[White "JMConklin"]
[Black "SreeVSundaram"]
[Result "0-1"]
[ICCResult "White checkmated"]
[WhiteElo "781"]
[BlackElo "785"]
[Opening "Sicilian: closed"]
[ECO "B23"]
[NIC "SI.44"]
[Time "18:35:26"]
[TimeControl "4500+10"]

1. e4 c5 2. Nc3 e6 3. Bc4 Nc6 4. Nf3 d6 5. O-O Nf6 6. d4 cxd4 7. Nxd4 Be7 8.
Nxc6 bxc6 9. Bf4 O-O 10. e5 dxe5 11. Bxe5 Bd7 12. Qe2 Re8 13. Rad1 Nd5 14.
Ne4 f6 15. Bc3 Rb8 16. Rd3 Nf4 17. Qg4 Nxd3 18. Bxd3 e5 19. Qh5 g6 20. Bc4+
Kg7 21. Qh4 Qc7 22. f4 Bf5 23. fxe5 fxe5 24. Ng5 h6 25. Rxf5 Bxg5 26. Rxg5
hxg5 27. Qxg5 Rbd8 28. h4 Kh7 29. h5 Rd1+ 30. Kh2 e4+ 31. g3 Qd6 32. Bf7 Re6
33. Bxe6 Qxe6 34. Kg2 e3 35. Kf3 e2 36. hxg6+ Kg8 37. Qh6 e1=N+ 38. Bxe1
Qf5+ 39. Kg2 Qe4+ 40. Kh3 Qh1+ 41. Kg4 Qxh6 42. Bc3 Qxg6+ 43. Kh3 Qh5+ 44.
Kg2 Qh1+ 45. Kf2 Qh2+ 46. Kf3 Rf1+ 47. Kg4 Qe2+ 48. Kh4 Kh7 49. g4 Kg6 50.
g5 Qh2+ 51. Kg4 Qg2+ 52. Kh4 Rh1# {White checkmated} 0-1